 Dungeon Crawl Stone Soup version 0.17.0-24-gcfadda4 (console) character file.

884 Kloppie the Martial Artist (level 8, -5/44 HPs)
             Began as a Vine Stalker Monk on Nov 16, 2015.
             Killed by divine providence
             ... invoked by an orc priest
              (9 damage)
             ... on level 5 of the Dungeon.
             The game lasted 00:09:26 (4034 turns).

Kloppie the Martial Artist (Vine Stalker Monk)      Turns: 4034, Time: 00:09:26

Health: -5/44      AC: 13    Str: 14    XL:     8   Next: 5%
Magic:  0/9        EV: 10    Int: 12    God:
Gold:   205        SH:  0    Dex: 17    Spells: 0 memorised, 7 levels left

rFire  . . .     SeeInvis .       - Unarmed
rCold  . . .     Clarity  .     D - +4 scale mail
rNeg   . . .     SustAt   .     (no shield)
rPois  .         Gourm    .     q - +0 helmet
rElec  .         Spirit   +     (no cloak)
rCorr  .         Warding  .     i - +0 pair of gloves
rMut   .         Stasis   .     A - +0 pair of boots
MR     +....                    (no amulet)
Stlth  +.........               (no ring)
                                (no ring)

@: drained, somewhat resistant to hostile enchantments, very unstealthy
A: fangs 3, regeneration 2, magic shield, antimagic bite, no device heal 3, rot
immunity
a: no special abilities


You were on level 5 of the Dungeon.
You were not hungry.

You visited 1 branch of the dungeon, and saw 5 of its levels.
You also visited: Sewer.

You collected 205 gold pieces.

Inventory:

Missiles
 d - 6 needles of paralysis
Armour
 a - a +0 robe
 i - a +0 pair of gloves (worn)
 j - a +0 ring mail
 q - a +0 helmet (worn)
 A - a +0 pair of boots (worn)
 D - a +4 scale mail (worn)
Jewellery
 n - an uncursed ring of see invisible {unknown}
 p - an uncursed ring of poison resistance {unknown}
 C - an uncursed ring of flight {unknown}
Wands
 B - a wand of disintegration (9)
Scrolls
 c - 6 scrolls of identify {unknown}
 f - 3 scrolls of fear {unknown}
 g - 4 scrolls of teleportation {unknown}
 m - a scroll of blinking {unknown}
 t - 2 scrolls of enchant weapon {unknown}
 x - a scroll of amnesia {unknown}
 y - a scroll of enchant armour {unknown}
Potions
 e - a potion of lignification {unknown}
 k - 9 potions of curing {unknown}
 l - a potion of degeneration {unknown}
 r - 2 potions of brilliance {unknown}
 s - 3 potions of heal wounds {unknown}
 u - 2 potions of might {unknown}
 v - a potion of flight {unknown}
 w - a potion of beneficial mutation {unknown}
Comestibles
 b - 3 bread rations
 h - 4 beef jerkies
 o - a slice of pizza
 z - 4 chunks of flesh


   Skills:
 - Level 5.4 Fighting
 - Level 2.4 Dodging
 - Level 2.4 Stealth
 + Level 8.3 Unarmed Combat


You had 7 spell levels left.
You didn't know any spells.

Dungeon Overview and Level Annotations

Branches:
Dungeon (5/15)
 Temple: D:4-7

Altars:
Dithmenos
Makhleb
Okawaru
Yredelemnul


Innate Abilities, Weirdness & Mutations

You have razor-sharp teeth.
You heal very quickly.
When hurt, damage is shared between your health and your magic reserves.
Your bite disrupts and absorbs the magic of your enemies.
Potions and wands cannot restore your health.
You are immune to rotting.


Message History

The sky beast hits you but does no damage.
An orc comes into view. It is wielding a club.
You miss the sky beast. You punch the sky beast.
You bite the sky beast, but do no damage.
The sky beast is almost dead.
The sky beast barely misses you.
Your scale mail prevents you from hitting the sky beast.
Your bite misses the sky beast.
The sky beast is almost dead.
The orc priest mumbles some strange prayers to Beogh against you.
Something smites you!
* * * LOW HITPOINT WARNING * * *
You punch the sky beast!
You kill the sky beast!
You have reached level 8!
You feel stronger.
Your teeth grow very long and razor-sharp.
The orc priest mumbles some strange prayers to Beogh against you.
Something smites you!
You die...

..)#.## #..#
#.#####.# ......#
#.## #.#####.#
......# #. #.......#
...)..# ##.##
#..######
...######...###..#
..........#......#
...##.###...####.#
#####.####<## #)#
####...###.# #@#
...........# #o#
#### ####...##.##
#.# ...
##.###.######o####.#
# #.#
#......ooo....# #.#
#.#
######.....#..#...#
#.# #.###.#.......
.. #.# #.†.≈oo...
#.# #.#.......


You could see an orc priest, an orc wizard and 3 orcs.

Vanquished Creatures
  A sky beast (D:5)
  3 big kobolds (Sewer)
  2 orc priests (D:4)
  An iguana (D:4)
  5 orc wizards (D:5)
  2 worker ants (D:5)
  A hound zombie (D:5)
  A hound skeleton (D:4)
  A worker ant zombie (D:3)
  Robin (D:3)
  6 adders
  3 gnolls (D:3)
  5 river rats
  A shadow imp (D:5)
  An ooze (D:1)
  A worm (D:3)
  3 giant geckos
  15 orcs
  7 ball pythons
  6 bats
  12 hobgoblins
  5 jackals
  3 quokkas
  9 giant cockroaches
  A giant gecko skeleton (D:4)
  5 giant newts
  16 goblins
  19 kobolds
  30 rats
166 creatures vanquished.

Notes
Turn   | Place    | Note
--------------------------------------------------------------
     0 | D:1      | Kloppie the Vine Stalker Monk began the quest for the Orb.
     0 | D:1      | Reached XP level 1. HP: 11/11 MP: 2/2
   299 | D:1      | Reached XP level 2. HP: 13/16 MP: 3/3
   432 | D:1      | Reached XP level 3. HP: 17/20 MP: 2/4
  1179 | D:2      | Reached XP level 4. HP: 21/25 MP: 5/5
  1277 | D:2      | Found a basalt altar of Yredelemnul.
  1706 | D:2      | Reached skill level 5 in Unarmed Combat
  1816 | D:2      | Found an iron altar of Okawaru.
  1816 | D:2      | Found a shadowy altar of Dithmenos.
  1818 | D:2      | Found a burning altar of Makhleb.
  1902 | D:3      | Noticed Robin
  1919 | D:3      | Killed Robin
  1941 | D:3      | Reached XP level 5. HP: 26/29 MP: 6/6
  2107 | D:3      | Found a glowing drain.
  2149 | Sewer    | Entered a sewer
  2334 | Sewer    | Gained mutation: You heal very quickly. [Vine Stalker growth]
  2334 | Sewer    | Reached XP level 6. HP: 14/35 MP: 7/7
  2504 | Sewer    | Reached skill level 5 in Fighting
  2504 | Sewer    | Reached skill level 6 in Unarmed Combat
  2544 | Sewer    | Reached XP level 7. HP: 31/39 MP: 5/8
  3645 | D:4      | Reached skill level 7 in Unarmed Combat
  3677 | D:5      | Entered Level 5 of the Dungeon
  3973 | D:5      | Reached skill level 8 in Unarmed Combat
  4034 | D:5      | Gained mutation: You have razor-sharp teeth. [Vine Stalker growth]
  4034 | D:5      | Reached XP level 8. HP: 3/44 MP: 1/9
  4034 | D:5      | Killed from afar by an orc priest

Action                   |  1- 3 |  4- 6 |  7- 9 || total
-------------------------+-------+-------+-------++-------
Melee: Unarmed           |   104 |   237 |   201 ||   542
 Stab: Sleeping          |     3 |     2 |     2 ||     7
  Eat: Chunk             |     1 |     4 |     6 ||    11
